 Dungeon Crawl Stone Soup version 0.27.0-1-g7a089689b8 (webtiles) character file.

Game seed: 8945687866692316515

4 shakesphere1979 the Firebug (level 1, -1/11 HPs)
             Began as an Octopode Fire Elementalist on Aug 3, 2021.
             Frozen to death by an endoplasm (5 damage)
             ... on level 1 of the Dungeon.
             The game lasted 00:01:20 (130 turns).

shakesphere1979 the Firebug (OpFE)                   Turns: 130, Time: 00:01:21

Health: -1/11      AC:  1    Str:  7    XL:     1   Next: 60%
Magic:  2/3        EV: 13    Int: 17    God:
Gold:   13         SH:  0    Dex: 12    Spells: 3/4 levels left

rFire    . . .     SeeInvis .   c - +0 dagger
rCold    . . .     Faith    .   (no shield)
rNeg     . . .     Spirit   .   (helmet restricted)
rPois    .         Reflect  .   (no amulet)
rElec    .         Harm     .   (no ring)
rCorr    .         Rampage  .   (no ring)
Will     .....                  (no ring)
Stlth    +++.......             (no ring)
HPRegen  0.03/turn              (no ring)
MPRegen  0.08/turn              (no ring)
                                (no ring)
                                (no ring)

@: no status effects
A: almost no armour, amphibious, 8 rings, camouflage 1, gelatinous body 1,
(nimble swimmer 1), tentacles
a: no special abilities


You were on level 1 of the Dungeon.
You visited 1 branch of the dungeon, and saw 1 of its levels.

You collected 13 gold pieces.

Inventory:

Hand Weapons
 c - a +0 dagger (weapon)
Missiles
 b - 12 stones
Scrolls
 a - 2 scrolls of identify {unknown}


   Skills:
 + Level 2.1 Dodging
 + Level 2.9 Stealth
 + Level 2.0 Spellcasting
 + Level 1.0 Conjurations
 + Level 3.1 Fire Magic


You had 3 spell levels left.
You knew the following spells:

 Your Spells              Type           Power      Damage    Failure   Level
a - Foxfire               Conj/Fire      32%        2x1d5     9%          1

Your spell library contained the following spells:

 Spells                   Type           Power      Damage    Failure   Level
 Conjure Flame            Conj/Fire      8%         6-21      26%         3
 Inner Flame              Hex/Fire       6%         N/A       30%         3
 Sticky Flame             Conj/Fire      8%         2d3       63%         4
 Fireball                 Conj/Fire      4%         3d4       93%         5


Dungeon Overview and Level Annotations

Branches:
Dungeon (1/15)

Altars:


Innate Abilities, Weirdness & Mutations

You cannot wear most types of armour.
You are amphibious.
You can wear up to eight rings at the same time.
Your skin changes colour to match your surroundings (Stealth+).
Your rubbery body absorbs attacks. (AC +1, EV +1)
((You are camouflaged near water. (Stealth+)))
You have tentacles for arms and can constrict up to eight enemies at once.


Message History

A goblin is nearby!
A quokka and a hobgoblin come into view.
The hobgoblin shouts!
An endoplasm comes into view.
You closely miss the quokka. You grab the quokka. You squeeze the quokka.
The quokka is moderately wounded.
You constrict the quokka, but do no damage.
The quokka closely misses you.
You hit the quokka but do no damage. You squeeze the quokka.
The quokka is heavily wounded.
You constrict the quokka. The quokka closely misses you. The quokka misses you.
You barely miss the quokka.
The quokka is severely wounded.
You constrict the quokka. The quokka bites you.
You hit the quokka but do no damage.
The quokka is almost dead.
You constrict the quokka.
You kill the quokka!
You hit the hobgoblin. You grab the hobgoblin.
The hobgoblin is moderately wounded.
You constrict the hobgoblin. The hobgoblin closely misses you.
You hit the hobgoblin. You squeeze the hobgoblin.
You kill the hobgoblin!
You barely miss the endoplasm. The endoplasm freezes you.
You are frozen.
You hit the endoplasm but do no damage. The endoplasm hits you.
You are too injured to fight recklessly!
You are too injured to fight recklessly!
You are too injured to fight recklessly!
Casting: Foxfire (safe; 9% risk of failure)
Confirm with . or Enter, or press ? or * to list all spells.
You conjure some foxfire!
The endoplasm freezes you.
You are frozen.
The foxfire hits the endoplasm.
The endoplasm is lightly wounded.
The endoplasm freezes you.
You are frozen.
You die...

.# .# ####
.# ..# .#
#.# .#####
#.###...g..
#.v@.#
#.##J#
#.#####.##.#
#.......##.#
#####..###.#
#..# #.#
#..# #.#
###..# #.#
###....# #.#


You could see an endoplasm (ally target) and a goblin (asleep).

Vanquished Creatures
  A goblin (D:1)
  A hobgoblin (D:1)
  A quokka (D:1)
3 creatures vanquished.

Vanquished Creatures (others)
  3 foxfires (D:1)
3 creatures vanquished.

Grand Total: 6 creatures vanquished

Notes
Turn   | Place    | Note
-------+----------+-------------------------------------------
     0 | D:1      | shakesphere1979 the Octopode Fire Elementalist began the
                  | quest for the Orb.
     0 | D:1      | Reached XP level 1. HP: 11/11 MP: 3/3
   130 | D:1      | Frozen to death by an endoplasm

Illustrated notes

Levels and vault maps discovered:
D:1:      dpeg_arrival_pond, layout_loops_ring, chequers_serial_rivers_micro_c

Action                   || total
-------------------------++-------
Melee: Dagger            ||     8
       Tentacles         ||     3
       Constrict         ||     2
 Cast: Foxfire           ||     2
Dodge: Dodged            ||     4
